 Dungeon Crawl Stone Soup version 0.19-a0-1907-gcff654f (webtiles) character file.

1592 Kidiri the Magician (level 8, 0/52 HPs)
             Began as a High Elf Fire Elementalist on Oct 21, 2016.
             Succumbed to WildSam's ghost's sting
             ... on level 6 of the Dungeon.
             The game lasted 00:16:22 (6998 turns).

Kidiri the Magician (High Elf Fire Elementalist)    Turns: 6998, Time: 00:16:23

Health: 0/52       AC:  2    Str:  6 (7)  XL:     8   Next: 61%
Magic:  9/18       EV: 13    Int: 19 (21) God:
Gold:   286        SH:  4    Dex: 12 (16) Spells: 6 memorised, 2 levels left

rFire  + + .     SeeInvis .     l - +2 dagger (venom)
rCold  x x .     Gourm    .     a - +0 robe
rNeg   . . .     Faith    .     k - +0 buckler
rPois  .         Spirit   .     (no helmet)
rElec  .         Reflect  .     (no cloak)
rCorr  .         Harm     .     (no gloves)
MR     .....                    (no boots)
Stlth  ++........               (no amulet)
                                w - ring of fire
                                i - ring of fire

@: lethally poisoned (0 -> -5)
A: no striking features
a: no special abilities


You were on level 6 of the Dungeon.
You were not hungry.

You visited 1 branch of the dungeon, and saw 6 of its levels.

You collected 286 gold pieces.

Inventory:

Hand Weapons
 l - a +2 dagger of venom (weapon)
Armour
 a - a +0 robe (worn)
 k - a +0 buckler (worn)
Jewellery
 i - a ring of fire (left hand)
 w - a ring of fire (right hand)
Wands
 f - a wand of slowing (15/48)
 y - a wand of hasting (2/9)
Scrolls
 h - 2 scrolls of blinking
 m - 2 scrolls of recharging
 o - a scroll of teleportation
 t - a scroll of fog
 B - a scroll of remove curse
Potions
 e - 5 potions of flight
 j - 3 potions of brilliance
 n - 2 potions of agility
 u - a potion of heal wounds {unknown}
 z - a potion of haste {unknown}
Books
 b - a book of Flames

   Spells                             Type                      Level
   a - Flame Tongue                   Conjuration/Fire             1
   b - Throw Flame                    Conjuration/Fire             2
   c - Conjure Flame                  Conjuration/Fire             3
   d - Inner Flame                    Hexes/Fire                   3
   e - Sticky Flame                   Conjuration/Fire             4
   f - Fireball                       Conjuration/Fire             5
Comestibles
 c - 6 bread rations
 d - a beef jerky
 g - 2 slices of pizza
 v - 3 chunks of flesh
 x - 2 meat rations
 A - 3 fruits


   Skills:
 + Level 3.2 Fighting
 + Level 2.8 Short Blades
 + Level 2.4 Armour
 + Level 3.7 Dodging
 - Level 2.1 Stealth
 + Level 2.0 Shields
 * Level 6.6 Spellcasting
 + Level 4.7 Conjurations
 + Level 4.8 Fire Magic
 + Level 2.8 Evocations


You had 2 spell levels left.
You knew the following spells:

 Your Spells              Type           Power        Failure   Level  Hunger
a - Flame Tongue          Conj/Fire      #####        1%          1    None
b - Throw Flame           Conj/Fire      ######       3%          2    None
c - Conjure Flame         Conj/Fire      ######..     8%          3    ##.....
d - Inner Flame           Hex/Fire       ####....     17%         3    ##.....
e - Sticky Flame          Conj/Fire      ######..     21%         4    ####...
f - Fireball              Conj/Fire      ######....   65%         5    #####..


Dungeon Overview and Level Annotations

Branches:
Dungeon (6/15)
 Temple: D:4-7

Altars:
Elyvilon
Trog
The Shining One

Annotations:
D:6 WildSam's ghost, novice DsVM


Message History

The orc priest calls upon Beogh to heal the orc wizard.
The orc wizard's wounds heal themselves!
It was a potion of degeneration.
There was something very wrong with that liquid.
You feel weakened.
You feel dopey.
You feel clumsy. The orc priest closely misses you.
It was a potion of cure mutation.
It has a very clean taste.
Your surroundings suddenly seem different.
* * * LOW HITPOINT WARNING * * *
You feel sick.
It was a potion of resistance.
You feel protected.
* * * LOW HITPOINT WARNING * * *
You feel sick.
It was a potion of cancellation.
Your magical effects are unravelling.
You feel magically purged.
Your magical contamination has completely faded away.
You feel a little less agile now.
Your resistance to elements expires.
You die...

#.....#8.........>#...
##...###.........#####
#..(..##8...8...8## #
#.##.## ##_###8#
#.##.# # # #.##.# #+#
#.##.# #.# #.##.###.#
#.# #....@...# ##.##
####.#######...####
#.# #.........#
##.####.##...##.#
#.......###.###.####
##.###### ### #.....
### ######


There were no monsters in sight!

Vanquished Creatures
  Prince Ribbit (D:5)
  Eustachio (D:6)
  A black bear (D:4)
  2 ogres
  A centaur (D:5)
  A howler monkey (D:6)
  A bullfrog zombie (D:5)
  A quasit (D:6)
  4 hounds
  A centaur zombie (D:5)
  2 orc priests
  2 orc wizards
  A bullfrog skeleton (D:5)
  Natasha (thrice) (D:3)
  An iguana (D:6)
  5 worker ants
  14 gnolls
  8 adders
  A shadow imp (D:5)
  An adder skeleton (D:4)
  2 worms
  A dart slug (D:1)
  2 leopard geckos
  8 orcs
  2 ball pythons
  5 bats
  4 giant cockroaches
  10 hobgoblins
  10 jackals
  5 kobolds
  2 quokkas
  5 frilled lizards
  5 goblins
  3 leopard gecko skeletons (D:5)
  A quokka skeleton (D:6)
  11 rats
128 creatures vanquished.

Vanquished Creatures (others)
  A gnoll (D:5)
  A fire vortex (D:5)
2 creatures vanquished.

Grand Total: 130 creatures vanquished

Notes
Turn   | Place    | Note
-------+----------+-------------------------------------------
     0 | D:1      | Kidiri the High Elf Fire Elementalist began the quest for the Orb.
     0 | D:1      | Reached XP level 1. HP: 11/11 MP: 4/4
   238 | D:1      | Reached skill level 3 in Spellcasting
   238 | D:1      | Reached XP level 2. HP: 14/17 MP: 2/7
   242 | D:1      | Learned a level 2 spell: Throw Flame
  1646 | D:2      | Found a faded altar of an unknown god.
  1652 | D:2      | Reached XP level 3. HP: 21/21 MP: 5/8
  1657 | D:2      | Learned a level 3 spell: Conjure Flame
  1870 | D:2      | Found a glowing golden altar of the Shining One.
  2229 | D:2      | Learned a level 3 spell: Inner Flame
  2546 | D:3      | Reached XP level 4. HP: 27/27 MP: 5/10
  2631 | D:3      | Noticed Natasha
  2640 | D:3      | Killed Natasha
  2640 | D:3      | Reached skill level 4 in Spellcasting
  2660 | D:3      | Noticed Natasha
  2672 | D:3      | Killed Natasha
  2712 | D:3      | Noticed Natasha
  2720 | D:3      | Killed Natasha
  2720 | D:3      | Reached XP level 5. HP: 18/31 MP: 0/12
  2834 | D:3      | Learned a level 4 spell: Sticky Flame
  2950 | D:3      | Found a bloodstained altar of Trog.
  3478 | D:4      | Reached skill level 1 in Armour
  3483 | D:4      | Reached skill level 1 in Fighting
  3504 | D:4      | Reached skill level 1 in Evocations
  3504 | D:4      | Reached XP level 6. HP: 36/38 MP: 1/14
  3726 | D:4      | Reached skill level 5 in Spellcasting
  3866 | D:4      | Reached skill level 1 in Short Blades
  4086 | D:4      | Reached XP level 7. HP: 44/44 MP: 10/16
  4754 | D:5      | Entered Level 5 of the Dungeon
  5377 | D:5      | Reached skill level 1 in Shields
  5533 | D:5      | Noticed Prince Ribbit
  5544 | D:5      | Killed Prince Ribbit
  5544 | D:5      | Reached XP level 8. HP: 20/51 MP: 10/17
  5551 | D:5      | Learned a level 5 spell: Fireball
  5963 | D:5      | Reached skill level 6 in Spellcasting
  6572 | D:6      | Noticed Eustachio
  6591 | D:6      | Killed Eustachio
  6905 | D:6      | Found a white marble altar of Elyvilon.
  6984 | D:6      | Noticed WildSam's ghost (novice DsVM)
  6994 | D:6      | HP: 2/52 [orc wizard/magic dart (4)]
  6998 | D:6      | Succumbed to WildSam's ghost's sting

Vault maps used:
D:1:      dpeg_arrival_brainrot
D:2:      lemuel_round_altar, ecumenical_altar_1, minmay_pentomino_r4
D:3:      lemuel_round_altar, uniq_natasha
D:4:      first_bread
D:5:      eino_tiny_chamber, uniq_prince_ribbit1
D:6:      nicolae_overflow_hidden_temple, kennysheep_generic_room_15,
          uniq_eustachio

Skill      XL: |  1  2  3  4  5  6  7  8 |
---------------+-------------------------+-----
Spellcasting   | 3 4 5 6 |  6.6
Conjurations   | 2 3 4 |  4.7
Armour         | 1 2 |  2.4
Fighting       | 1 2 3 |  3.2
Evocations     | 1 2 |  2.8
Fire Magic     | 4 |  4.8
Short Blades   | 1 2 |  2.8
Dodging        | 3 |  3.7
Shields        | 1 2 |  2.0
Stealth        | |  2.1

Action                   |  1- 3 |  4- 6 |  7- 9 || total
-------------------------+-------+-------+-------++-------
Melee: Unarmed           |     2 |       |       ||     2
       Short sword       |     7 |     2 |       ||     9
       Whip              |     1 |       |       ||     1
       Dagger            |       |    46 |    69 ||   115
Throw: Throwing net      |       |       |     1 ||     1
 Cast: Flame Tongue      |    62 |    47 |    53 ||   162
       Throw Flame       |     9 |     7 |    19 ||    35
       Sticky Flame      |       |     3 |     8 ||    11
       Conjure Flame     |       |       |     4 ||     4
       Inner Flame       |       |       |     2 ||     2
  Use: Scroll            |     9 |     1 |     6 ||    16
       Potion            |       |       |     5 ||     5
 Stab: Sleeping          |     2 |     3 |       ||     5
       Held in net/web   |       |       |     1 ||     1
  Eat: Chunk             |     5 |     6 |     7 ||    18
       Fruit             |       |       |     4 ||     4
Armor: Robe              |     4 |     4 |    11 ||    19
Dodge: Dodged            |    18 |    52 |    57 ||   127
Block: Buckler           |       |       |    19 ||    19
